 Dungeon Sprint DCSS version 0.27.1 (webtiles) character file.

Game seed: 4774856244608552527

178 styxcanada the Covert (level 5, -3/28 HPs)
             Began as a Spriggan Brigand on Aug 27, 2021.
             Was an Initiate of Gozag.
             Slain by a spriggan (6 damage)
             ... in the Dungeon (Sprint IV: "Fedhas' Mad Dash").
             The game lasted 00:01:39 (123 turns).

styxcanada the Covert (Spriggan Brigand)             Turns: 123, Time: 00:01:39

Health: -3/28      AC:  3    Str:  7    XL:     5   Next: 32%
Magic:  4/6        EV: 19    Int: 12    God:    Gozag
Gold:   118        SH:  0    Dex: 18    Spells: 4/4 levels left

rFire    . . .     SeeInvis +   a - +2 dagger
rCold    . . .     Faith    .   (shield restricted)
rNeg     . . .     Spirit   .   b - +0 robe
rPois    .         Reflect  .   (helmet restricted)
rElec    .         Harm     .   c - +0 cloak
rCorr    .         Rampage  .   (gloves unavailable)
Will     .....     NoTele   +   (boots unavailable)
Stlth    ++++++....             l - amulet of invisibility {+Inv}
HPRegen  0.09/turn              (no ring)
MPRegen  0.10/turn              (no ring)

@: slightly contaminated, invisible (expiring), very quick
A: very small, no large weapons, unfitting armour, see invisible, speed 3
a: Renounce Religion, Evoke Invisibility, Potion Petition, Call Merchant, Bribe
Branch


You were in the Dungeon.
You worshipped Gozag.
Gozag was aware of your devotion.
You visited 1 branch You collected 118 gold pieces.

Inventory:

Hand Weapons
 a - a +2 dagger (weapon)
Missiles
 d - 4 poisoned darts (quivered)
 e - 2 curare-tipped darts
 n - 19 sling bullets
Armour
 b - a +0 robe (worn)
 c - a +0 cloak (worn)
Jewellery
 l - the amulet of invisibility (around neck) {+Inv}
   (You found it in the Dungeon)

   [amulet of nothing]

   +Inv:      It lets you turn invisible.
Scrolls
 k - a scroll of blinking
 m - a scroll of summoning {unknown}
Potions
 f - a potion of curing
 g - a potion of heal wounds
 h - a potion of haste
 i - 2 potions of magic
 j - a potion of berserk rage


   Skills:
 * Level 3.3 Fighting
 + Level 3.7 Short Blades
 + Level 3.4 Throwing
 * Level 4.7 Dodging
 * Level 13.8 Stealth
 * Level 2.3 Evocations


You had 4 spell levels left.
You didn't know any spells.
Your spell library was empty.

Dungeon Overview and Level Annotations

Branches:
Dungeon (1/1)

Altars:
Cheibriados
Dithmenos
Elyvilon
Gozag
Hepliaklqana
Kikubaaqudgha
Makhleb
Nemelex Xobeh
Okawaru
Qazlal
Ru
Sif Muna
Trog
Uskayaw
Vehumet
Wu Jian
Xom
Yredelemnul
Zin
The Shining One
Beogh
Jiyva
Lugonu


Innate Abilities, Weirdness & Mutations

You are very small and have problems with some larger weapons.
You are too small for most types of armour.
You have supernaturally acute eyesight. (SInv)
You cover ground extremely quickly. (Speed+++)


Message History

There is an open door, spattered with blood here.
You see here 13 stones.
There is an open door here.
You fade into invisibility!
You are lightly contaminated with residual magic.
There is a corrupted altar of Lugonu here.
Throw: 8 darts (poison)
Press: ? - help, Q - select action, (/) - cycle Shift-Dir - straight line, f - spriggan
Aim: a spriggan, wielding a +0 rapier and wearing a +0 robe (36% to hit)
You throw a poisoned dart. The poisoned dart hits the spriggan!
The spriggan is poisoned.
Unknown command.
Press < or > to pray at altars.
There is an ancient bone altar of Kikubaaqudgha here.
Throw: 7 darts (poison)
Press: ? - help, Q - select action, (/) - cycle Shift-Dir - straight line, f/p - spriggan
Aim: a spriggan, wielding a +0 rapier and wearing a +0 robe (moderately wounded, very poisoned, 36% to hit)
You throw a poisoned dart. The poisoned dart misses the spriggan.
The spriggan blocks the poisoned dart.
The spriggan hits you with a +0 rapier!
* * * LOW HITPOINT WARNING * * *
There is a viscous altar of Jiyva here.
Throw: 6 darts (poison)
Press: ? - help, Q - select action, (/) - cycle Shift-Dir - straight line, f/p - spriggan
Aim: a spriggan, wielding a +0 rapier and wearing a +0 robe (moderately wounded, very poisoned, 36% to hit)
You throw a poisoned dart. The poisoned dart misses the spriggan.
The spriggan completely misses you.
There is a hazy altar of Hepliaklqana here.
You flicker for a moment.
The spriggan hits you but does no damage.
There is an opulent altar of Gozag here.
Throw: 5 darts (poison)
Press: ? - help, Q - select action, (/) - cycle Shift-Dir - straight line, f/p - spriggan
Aim: a spriggan, wielding a +0 rapier and wearing a +0 robe (severely wounded, poisoned, 36% to hit)
You throw a poisoned dart. The poisoned dart hits the spriggan!
The spriggan looks even sicker.
The spriggan is severely wounded.
The spriggan hits you with a +0 rapier.
You die...
Your body crumbles into a pile of gold.

#################################
..#.....#.....#.⌠i_._._._.⌠.#.('$
..'†....'.#...'.@i._._._._(((..#$
PP#.....#.#...#..._._._._...#..##
############+##.._._._._._..#.)#
#._._._._._.⌠.#### $
$############### $


$$$$ $$ $ You could see 2 spriggans.

Vanquished Creatures
  A scorpion (D)
  3 oklob saplings (D)
  A river rat (D)
  A rat (D)
6 creatures vanquished.

Vanquished Creatures (others)
  A fungus (D)
1 creature vanquished.

Grand Total: 7 creatures vanquished

Notes
Turn   | Place    | Note
-------+----------+-------------------------------------------
     0 | D        | styxcanada the Spriggan Brigand began the quest for the
                  | Orb.
     0 | D        | Reached XP level 1. HP: 10/10 MP: 2/2
    15 | D        | Reached skill level 6 in Stealth
    24 | D        | Reached skill level 7 in Stealth
    24 | D        | Reached XP level 2. HP: 15/15 MP: 3/3
    45 | D        | Noticed an oklob sapling
    47 | D        | Killed an oklob sapling
    48 | D        | Reached skill level 9 in Stealth
    48 | D        | Reached XP level 3. HP: 19/19 MP: 4/4
    49 | D        | Noticed a scorpion
    49 | D        | Found the amulet of invisibility {+Inv}
    51 | D        | Killed a scorpion
    52 | D        | Reached skill level 11 in Stealth
    52 | D        | Reached XP level 4. HP: 23/23 MP: 5/5
    76 | D        | Found an opulent altar of Gozag.
    76 | D        | Found a hazy altar of Hepliaklqana.
    76 | D        | Found a burning altar of Makhleb.
    76 | D        | Found a sparkling altar of Nemelex Xobeh.
    76 | D        | Found a snail-covered altar of Cheibriados.
    76 | D        | Found a sacrificial altar of Ru.
    76 | D        | Found a shimmering blue altar of Sif Muna.
    76 | D        | Found a shimmering altar of Xom.
    76 | D        | Found a basalt altar of Yredelemnul.
    77 | D        | Found a viscous altar of Jiyva.
    77 | D        | Found a bloodstained altar of Trog.
    77 | D        | Found an ornate altar of the Wu Jian Council.
    78 | D        | Found an iron altar of Okawaru.
    78 | D        | Found a shadowy altar of Dithmenos.
    78 | D        | Found a glowing silver altar of Zin.
    79 | D        | Found an ancient bone altar of Kikubaaqudgha.
    79 | D        | Found a hide-covered altar of Uskayaw.
    80 | D        | Found a stormy altar of Qazlal.
    80 | D        | Found a white marble altar of Elyvilon.
    80 | D        | Found a glowing golden altar of the Shining One.
    81 | D        | Became a worshipper of Gozag Ym Sagoz the Greedy
    82 | D        | Found a corrupted altar of Lugonu.
    82 | D        | Found a radiant altar of Vehumet.
    86 | D        | Reached skill level 13 in Stealth
    86 | D        | Reached skill level 1 in Evocations
    86 | D        | Reached XP level 5. HP: 28/28 MP: 3/6
   123 | D        | Slain by a spriggan

Illustrated notes

Levels and vault maps discovered:
D:        dungeon_sprint_fedhas [sprint_temple]

Skill      XL: |  1  2  3  4  5 |
---------------+----------------+-----
Stealth        | 7 9 11 13 | 13.8
Fighting       | 2 3 |  3.3
Dodging        | 2 3 4 |  4.7
Short Blades   | 3 |  3.7
Throwing       | 3 |  3.4
Evocations     | 1 2 |  2.3

Action                   |  1- 3 |  4- 6 || total
-------------------------+-------+-------++-------
Melee: Dagger            |    10 |     2 ||    12
Throw: Dart              |     7 |     4 ||    11
 Abil: Evoke Invisibilit |       |     2 ||     2
 Stab: Sleeping          |     2 |     2 ||     4
Armor: Robe              |       |     1 ||     1
Dodge: Dodged            |     7 |     2 ||     9
